 Dungeon Sprint DCSS version 0.31-a0-743-g45f7035092 (webtiles) character file.

Game seed: 3184076570793157767

380 sircluck the Grappler (level 6, -5/71 HPs)
             Began as a Troll Berserker on Sept 12, 2023.
             Was a Believer of Trog.
             Slain by a wolf (10 damage)
             ... in the Dungeon (Sprint VII: "The Pits").
             The game lasted 00:00:59 (44 turns).

sircluck the Grappler (Troll Berserker)               Turns: 44, Time: 00:00:59

Health: -5/71      AC:  4    Str: 28    XL:     6   Next: 46%
Magic:  5/5        EV: 11    Int:  3    God:    Trog [**....]
Gold:   0          SH:  0    Dex:  9    Spells: 5/5 levels left

rFire   . .          .
                       - Unarmed
rCold   . . .        (no shield)
rNeg    . . .        a - +0 animal skin
rPois   .            (helmet restricted)
rElec   .            (no cloak)
rCorr   .            (gloves unavailable)
SInv    .            (boots unavailable)
Will    .....        (no amulet)
Stlth   +            (no ring)
HPRegen 1.11/turn    (no ring)
MPRegen 0.09/turn

%: no teleportation
@: on berserk cooldown, slowed, very slow
A: large, unfitting armour, claws 3, regeneration 1, shaggy fur 1, tough skin 1
a: Renounce Religion, Berserk, Trog's Hand


You were in the Dungeon.
You worshipped Trog.
Trog was pleased with you.
You visited 1 branch

Inventory:

Armour
 a - a +0 animal skin (worn)
Scrolls
 g - a scroll of blinking
Potions
 b - a potion of curing
 c - a potion of heal wounds
 d - a potion of haste
 e - 2 potions of magic
 f - a potion of berserk rage


   Skills:
 + Level 7.2 Fighting
 + Level 7.2 Dodging
 + Level 8.6 Unarmed Combat


You had 5 spell levels left.
You didn't know any spells.
Your spell library was empty.

Dungeon Overview and Level Annotations

Branches:
Dungeon (1/1)

Altars:


Innate Abilities, Weirdness & Mutations

You are too large for most types of armour.
You have claws for hands.
Your natural rate of healing is unusually fast.
You are covered in fur. (AC +1)
You have tough skin. (AC +1)


Message History

The wolf is almost dead.
The wolf closely misses you. The wolf barely misses you.
You barely miss the wolf.
The wolf is almost dead.
The wolf bites you.
* * * LOW HITPOINT WARNING * * *
The wolf bites you!
* * * LOW HITPOINT WARNING * * *
You closely miss the wolf.
The wolf is almost dead.
The wolf bites you but does no damage. The wolf barely misses you.
Unknown command.
Unknown command.
Unknown command.
You mangle the wolf!!
You kill the wolf!
Trog accepts your kill.
You can now call upon Trog for regeneration and willpower.
The wolf barely misses you. The wolf misses you.
Your Fighting skill increases to level 7!
Your Dodging skill increases to level 7!
Unknown command.
Unknown command.
Unknown command.
Unknown command.
You closely miss the wolf. The wolf bites you but does no damage.
The wolf bites you.
* * * LOW HITPOINT WARNING * * *
You barely miss the wolf. The wolf bites you.
* * * LOW HITPOINT WARNING * * *
The wolf bites you.
* * * LOW HITPOINT WARNING * * *
The warg howls!
You mangle the wolf!!
You kill the wolf!
Trog accepts your kill.
You are no longer berserk.
You are exhausted.
You feel yourself slow down. The wolf bites you!
You die...

##########++######
#................# #
#......#..#.o....##..#
#..........@h....''..#
+................'h..#
#......#..#......##....h
#................# ....
####'#####++###### ###
#.......# #.......#
#.......# #...<...#


You could see a warg, a wolf and an orc priest.

Vanquished Creatures
  A troll (D)
  3 wolves (D)
4 creatures vanquished.

Notes
Turn   | Place    | Note
-------+----------+-------------------------------------------
     0 | D        | sircluck the Troll Berserker began the quest for the Orb.
     0 | D        | Reached XP level 1. HP: 22/22 MP: 0/0
    18 | D        | Noticed a wolf
    18 | D        | Noticed a troll
    18 | D        | Noticed a warg
    24 | D        | Noticed a wolf
    30 | D        | Killed a wolf
    31 | D        | Reached skill level 5 in Unarmed Combat
    31 | D        | Reached XP level 2. HP: 28/33 MP: 1/1
    31 | D        | Reached XP level 3. HP: 35/40 MP: 2/2
    31 | D        | Reached XP level 4. HP: 42/49 MP: 3/3
    31 | D        | Noticed a wolf
    34 | D        | Noticed a wolf
    36 | D        | Killed a troll
    37 | D        | Reached skill level 8 in Unarmed Combat
    37 | D        | Reached XP level 5. HP: 21/61 MP: 4/4
    37 | D        | Reached XP level 6. HP: 24/68 MP: 5/5
    41 | D        | Reached ** piety under Trog
    44 | D        | Slain by a wolf

Illustrated notes

Levels and vault maps discovered:
D:        pitsprint [storerooms_1, entrance_room_1, metal_vault_5, armoury_1,
          mini_pit_1, grid_room_1, main_hall_1, silver_pit, the_coven_3,
          the_vestibule_1, steel_vault_1, golden_pit, hallway_of_sentries,
          crystal_vault_2, iron_vault_4, final_vault]

Skill      XL: |  1  2  3  4  5  6 |
---------------+-------------------+-----
Fighting       | 4 6 7 |  7.2
Dodging        | 4 6 7 |  7.2
Unarmed Combat | 5 8 |  8.6

Action                     |  1- 3 |  4- 6 || total
---------------------------+-------+-------++-------
  Melee: Unarmed           |     6 |    14 ||    20
 Invoke: Berserk           |     1 |       ||     1
 Armour: Animal skin       |     5 |    18 ||    23
  Dodge: Dodged            |     3 |    11 ||    14

Table legend: (Time is in decaauts)
 A = Elapsed time spent in this place.
 B = Non-inter-level travel time spent in this place.
 C = Inter-level travel time spent in this place.
 D = Time resting spent in this place.
 E = Time spent auto-exploring this place.
 F = Levels seen in this place.
 G = Mean time per level.
                   A        B        C        D        E       F      G
               +--------+--------+--------+--------+--------+-----+--------+
         Total |     36 |     18 |     18 |      0 |      0 |   1 |   36.0 |
       Dungeon |     36 |     18 |     18 |      0 |      0 |   1 |   36.0 |
               +--------+--------+--------+--------+--------+-----+--------+

Top non-repeatable levels by time:
       D: 36 daAuts
